 Dungeon Crawl Stone Soup version 0.18-a0-1799-g6250cb2 (webtiles) character file.

273 OreoMilkShake the Charmwright (level 6, -2/48 HPs)
             Began as a Merfolk Skald on Apr 23, 2016.
             Slain by Grinder (7 damage)
             ... while paralysed by Grinder
             ... on level 3 of the Dungeon.
             The game lasted 00:32:56 (3780 turns).

OreoMilkShake the Charmwright (Merfolk Skald)       Turns: 3780, Time: 00:32:57

Health: -2/48      AC:  2    Str: 13    XL:     6   Next: 24%
Magic:  9/9        EV:  2    Int: 12    God:
Gold:   166        SH:  0    Dex: 14    Spells: 4 memorised, 1 level left

rFire  . . .     SeeInvis .     a - +1 spear
rCold  . . .     Gourm    .     v - +0 robe
rNeg   . . .     Faith    .     (no shield)
rPois  .         Spirit   .     (no helmet)
rElec  .         Dismiss  .     (no cloak)
rCorr  .         Reflect  .     (no gloves)
SustAt .         Harm     .     (no boots)
MR     .....                    s - amulet of magic regeneration
Stlth  ++........               (no ring)
                                (no ring)

@: paralysed, infused, not resistant to hostile enchantments, unstealthy
A: change form in water, swift swim
a: no special abilities


You were on level 3 of the Dungeon.
You were not hungry.

You visited 1 branch of the dungeon, and saw 3 of its levels.
You also visited: Sewer.

You collected 166 gold pieces.

Inventory:

Hand Weapons
 a - a +1 spear (weapon)
Armour
 b - a +0 leather armour
 v - a +0 robe (worn)
   (You found it on level 3 of the Dungeon)
Jewellery
 s - an amulet of magic regeneration (around neck)
   (You found it on level 3 of the Dungeon)
Scrolls
 e - 2 scrolls of teleportation
 h - 2 scrolls of identify
 i - 3 scrolls of enchant weapon
 m - 4 scrolls of remove curse
Potions
 f - 2 potions of haste {unknown}
 g - 5 potions of curing
 j - a potion of might {unknown}
 k - 2 potions of invisibility {unknown}
 n - 6 potions of flight {unknown}
 u - 2 potions of heal wounds {unknown}
Books
 c - a book of Battle
Comestibles
 r - a royal jelly
 t - a bread ration {@e1}


   Skills:
 * Level 4.0 Fighting
 + Level 4.2 Polearms
 - Level 1.1 Armour
 + Level 3.1 Dodging
 - Level 1.0 Stealth
 - Level 2.5 Spellcasting
 * Level 1.1 Hexes
 * Level 4.3 Charms
 * Level 0.7 Necromancy


You had one spell level left.
You knew the following spells:

 Your Spells              Type           Power        Failure   Level  Hunger
a - Infusion              Chrm           ##..         6%          1    #......
r - Regeneration          Chrm/Necr      #.........   30%         3    ###....
z - Spectral Weapon       Hex/Chrm       #.......     30%         3    ###....
S - Song of Slaying       Chrm           ##......     10%         2    ###....


Dungeon Overview and Level Annotations

Branches:
Dungeon (3/15)

Altars:
Elyvilon
The Shining One

Annotations:
D:3 Grinder


Message History

No target in view!
No target in view!
You see here a glowing robe.
v - a glowing robe Wear which item? (? for menu, Esc to quit)
You start removing your armour.
You continue taking off your +0 leather armour. x4
You finish taking off your +0 leather armour.
You start putting on your armour.
You continue putting on your glowing robe. x5
You finish putting on your cursed +0 robe.
Oops, that feels deathly cold.
You regained 2 hp, and now have 47/48 hp.
Read which item? (? for menu, Esc to quit)
As you read the scroll labeled YTUFFA GOTHURY, it crumbles to dust.
You feel strangely unstable.
It was a scroll of teleportation.
Read which item? (? for menu, Esc to quit)
As you read the scroll labeled PYOKHL GATUOPI, it crumbles to dust.
The scroll dissolves into smoke.
It was a scroll of fog.
Read which item? (? for menu, Esc to quit)
As you read the scroll labeled LUAXKO NACHIUX, it crumbles to dust.
It is a scroll of identify.
Identify which item? (\ to view known items) (? for menu, Esc to quit)
g - 5 potions of curing Read which item? (? for menu, Esc to quit)
As you read the scroll labeled CEBIRUO ZIGYTS, it crumbles to dust.
It is a scroll of enchant weapon.
Enchant which weapon? (? for menu, Esc to quit)
Your +0 spear glows red for a moment.
Your surroundings suddenly seem different.
Read which item? (? for menu, Esc to quit)
As you read the scroll labeled KOAVOBLAKHLA, it crumbles to dust.
You feel as if something is helping you.
It was a scroll of remove curse.
Unknown command.
Read which item? (? for menu, Esc to quit)
As you read the scroll labeled JUIG OSKIUGHYIRE, it crumbles to dust.
It is a scroll of recharging.
You aren't carrying any rechargeable items.
Unknown command.
Read which item? (? for menu, Esc to quit)
You can't read that!
Read which item? (? for menu, Esc to quit)
As you read the scroll labeled BIQICL JIWUMNY, it crumbles to dust.
You hear a loud clanging noise!
It was a scroll of noise.
You hear a shout! x3
Health restored: 48 Read which item? (? for menu, Esc to quit)
As you read the scroll labeled BIMIQU ZEOTT, it crumbles to dust.
The air around you briefly surges with heat, but it dissipates.
It was a scroll of immolation.
Read which item? (? for menu, Esc to quit)
As you read the scroll labeled APHICI FAWNUMA, it crumbles to dust.
You assume a fearsome visage.
Nothing appears to happen.
It was a scroll of fear.
You now have 153 gold pieces (gained 8).
A quokka comes into view.
A quokka is nearby!
You hit the quokka but do no damage. The quokka misses you.
You miss the quokka. The quokka bites you.
You take 3 damage, and have 45/48 hp.
You barely miss the quokka. The quokka misses you.
You closely miss the quokka. The quokka bites you.
You take 2 damage, and have 43/48 hp.
You hit the quokka. The quokka closely misses you.
You hit the quokka.
You kill the quokka!
You see here a quokka corpse.
You see here a quokka corpse.
You butcher the quokka corpse.
d - a chunk of flesh {@w0} Eating a chunk of flesh {@w0}.
You continue eating. x2
Found a stone staircase leading down.
Health restored: 48 You now have 166 gold pieces (gained 13).
There is an open door here.
You see here 6 needles of sleeping.
You see here 6 needles of sleeping.
There is an open door here.
You closely miss Grinder. Grinder gestures at you.
Pain shoots through your body!
You take 6 damage, and have 42/48 hp.
You hit Grinder but do no damage. Grinder closely misses you.
You begin infusing your attacks with magical energy.
Grinder gestures at you.
You suddenly lose the ability to move!
Grinder hits you!
You writhe in agony. x2
Grinder hits you.
You writhe in agony.
Grinder hits you.
You writhe in agony.
Grinder hits you!
* * * LOW HITPOINT WARNING * * *
You writhe in agony.
* * * LOW HITPOINT WARNING * * *
Grinder says, "Just stop there for a second..."
Grinder hits you!
You die...

# ##............§§§§.#
##.........###§##.#
##........# #§##.#
###....#####.##.#
#...........##.####
##.##'.####........#
#..#.<.## #.###.##.#
##.#....5###.# #.##.#
#........@##.###.##.#
##..........#........#
..'.........'........#
##
#.........#........#
##
##.......###.(#.####
#..##......## #..#.#
#.##..#...## #....#
#.##.###'## ##.###
##.#..# #.# #.#


You could see Grinder.

Vanquished Creatures
  A big kobold (Sewer)
  Natasha (twice) (D:2)
  5 adders
  2 river rats
  A worm (D:3)
  4 dart slugs
  2 giant geckos (D:2)
  3 ball pythons
  8 giant cockroaches
  9 goblins
  10 hobgoblins
  4 jackals
  A quokka (D:3)
  5 bats
  3 giant newts (D:2)
  10 kobolds
  11 rats
81 creatures vanquished.

Notes
Turn   | Place    | Note
--------------------------------------------------------------
     0 | D:1      | OreoMilkShake the Merfolk Skald began the quest for the Orb.
     0 | D:1      | Reached XP level 1. HP: 16/16 MP: 3/3
     0 | D:1      | Noticed a large abomination
     0 | D:1      | Noticed a tentacled monstrosity
     1 | D:1      | Noticed a large abomination
     5 | D:1      | Noticed an ice dragon
     6 | D:1      | Noticed a tentacled monstrosity
     7 | D:1      | Noticed an iron dragon
     9 | D:1      | Noticed a shadow dragon
    11 | D:1      | Noticed a tentacled monstrosity
    11 | D:1      | Noticed a tentacled monstrosity
    13 | D:1      | Noticed an orb of fire
    13 | D:1      | Noticed a tentacled monstrosity
    15 | D:1      | Noticed an orb of fire
    15 | D:1      | Noticed a mottled draconian
    15 | D:1      | Noticed an orb of fire
    17 | D:1      | Noticed a tentacled monstrosity
    17 | D:1      | Noticed an ice dragon
    17 | D:1      | Noticed a large abomination
    19 | D:1      | Noticed a mottled draconian
   104 | D:1      | Reached XP level 2. HP: 14/23 MP: 0/5
   499 | D:1      | Reached skill level 2 in Dodging
   505 | D:1      | Reached XP level 3. HP: 20/28 MP: 0/6
  1215 | D:2      | Reached skill level 1 in Armour
  1218 | D:2      | Reached XP level 4. HP: 23/34 MP: 1/7
  1409 | D:2      | Noticed Natasha
  1496 | D:2      | HP: 8/34 [poisoned by an adder]
  1504 | D:2      | HP: 7/34 [poisoned by an adder]
  1859 | D:2      | Reached skill level 3 in Fighting
  1929 | D:2      | Found a white marble altar of Elyvilon.
  2050 | D:2      | Found a glowing golden altar of the Shining One.
  2119 | D:2      | Killed Natasha
  2119 | D:2      | Reached skill level 4 in Charms
  2119 | D:2      | Reached XP level 5. HP: 15/41 MP: 5/8
  2433 | D:2      | Noticed Natasha
  2521 | D:2      | HP: 7/41 [Natasha (6)]
  2522 | D:2      | Killed Natasha
  2522 | D:2      | Reached skill level 4 in Polearms
  2835 | D:3      | Learned a level 2 spell: Song of Slaying
  2839 | D:3      | Learned a level 3 spell: Spectral Weapon
  2843 | D:3      | Learned a level 3 spell: Regeneration
  2854 | D:3      | Noticed Grinder
  3142 | D:3      | Reached skill level 1 in Stealth
  3247 | D:3      | Found a glowing drain.
  3270 | Sewer    | Entered a sewer
  3348 | Sewer    | Noticed a big kobold
  3355 | Sewer    | Reached skill level 3 in Dodging
  3371 | Sewer    | Killed a big kobold
  3371 | Sewer    | Reached skill level 4 in Fighting
  3371 | Sewer    | Reached XP level 6. HP: 32/48 MP: 5/9
  3374 | Sewer    | Reached skill level 1 in Hexes
  3521 | Sewer    | Found a white marble altar of Elyvilon.
  3775 | D:3      | Paralysed by Grinder for 7 turns
  3779 | D:3      | HP: 9/48 [Grinder (8)]
  3780 | D:3      | Slain by Grinder

Vault maps used:
D:1:      shiori_arrival_whats_in_store_for_you, minmay_crystal_water,
          minmay_close_crescents
D:2:      lemuel_coloured_pillars_altar, nicolae_tso_swordbearing_angel,
          uniq_natasha
D:3:      portal_sewer_entry_a, first_bread, kennysheep_orc_chapel, uniq_grinder
Sewer:    sewer_kobolds

Skill      XL: |  1  2  3  4  5  6 |
---------------+-------------------+-----
Dodging        | 2 3 |  3.1
Armour         | 1 |  1.1
Fighting       | 3 4 |  4.0
Charms         | 4 |  4.3
Polearms       | 4 |  4.2
Stealth        | 1 |  1.0
Hexes          | 1 |  1.1
Spellcasting   | |  2.5
Necromancy     | |  0.7

Action                   |  1- 3 |  4- 6 || total
-------------------------+-------+-------++-------
Melee: Spear             |   110 |   219 ||   329
       Tailslap          |       |     4 ||     4
 Cast: Infusion          |     3 |    10 ||    13
  Use: Scroll            |       |     9 ||     9
 Stab: Sleeping          |     1 |     2 ||     3
       Distracted        |     1 |       ||     1
  Eat: Chunk             |       |     5 ||     5
       Bread ration      |       |     1 ||     1
Armor: Leather armour    |    18 |    34 ||    52
Dodge: Dodged            |    50 |   104 ||   154

Vault maps used:
D:1:      shiori_arrival_whats_in_store_for_you, minmay_crystal_water,
          minmay_close_crescents
D:2:      lemuel_coloured_pillars_altar, nicolae_tso_swordbearing_angel,
          uniq_natasha
D:3:      portal_sewer_entry_a, first_bread, kennysheep_orc_chapel, uniq_grinder
Sewer:    sewer_kobolds

Table legend:
 A = Turns spent in this place as a percentage of turns spent in the entire game.
 B = Non-inter-level travel turns spent in this place as a percentage of non-inter-level travel turns spent in the entire game.
 C = Inter-level travel turns spent in this place as a percentage of turns spent in this place.
 D = Turns resting spent in this place as a percentage of non-inter-level travel turns spent in this place.
 E = Turns spent auto-exploring this place as a percentage of non-inter-level travel turns spent in this place.
 F = Non-inter-level travel turns spent in this place divided by the number of levels of this place that you've seen.
                   A       B       C       D       E      F
               +-------+-------+-------+-------+-------+----------------------
         Total | 100.0 | 100.0 |   0.9 |   3.5 |   7.8 | 293.2
       Dungeon |  89.9 |  89.9 |   1.0 |   3.7 |   7.8 | 351.3
         Sewer |  10.1 |  10.1 |   0.0 |   1.7 |   7.6 | 119.0
               +-------+-------+-------+-------+-------+----------------------

Table legend:
 A = Kills in this place as a percentage of kills in entire the game.
 B = Kills by you in this place as a percentage of kills by you in the entire game.
 C = Kills by friends in this place as a percentage of kills by friends in the entire game.
 D = Other kills in this place as a percentage of other kills in the entire game.
 E = Experience gained in this place as a percentage of experience gained in the entire game.
 F = Experience gained in this place divided by the number of levels of this place that you have seen.
                   A       B       C       D       E      F
               +-------+-------+-------+-------+-------+----------------------
         Total | 100.0 | 100.0 |  -nan |  -nan | 100.0 |  97.8
       Dungeon |  85.2 |  85.2 |  -nan |  -nan |  69.1 |  90.0
         Sewer |  14.8 |  14.8 |  -nan |  -nan |  30.9 | 121.0
               +-------+-------+-------+-------+-------+----------------------
